| TOP OF THE 1ST |
|
Helena Brewers batting - Pitching for Danville Braves : RHP Jose Clemente
|
|
Pitching: RHP Jose Clemente
|
|
|
Batting: LHB John Fortin
|
0-0: Called Strike 0-1: Ball 1-1: Fly out, F3 (Popup, 3S, EV 67.5 MPH)
|
|
Batting: LHB Alex Chairez
|
0-0: Ball 1-0: Ball 2-0: Foul Ball, location: 2F 2-1: Called Strike 2-2: Foul Ball, location: 2F 2-2: Ball 3-2: SOLO HOME RUN (Line Drive, 9D, EV 91.9 MPH), Distance : 344 ft
|
|
Batting: RHB Jeremy Harden
|
0-0: Called Strike 0-1: Ball 1-1: Ball 2-1: Foul Ball, location: 2F 2-2: Ball 3-2: Reached on error, E5 (Groundball, 56, EV 90.0 MPH)
|
|
Batting: RHB Xiao-shuang Au
|
0-0: Ball 1-0: Ball Jeremy Harden steals 2nd base 2-0: Called Strike 2-1: Foul Ball, location: 2F 2-2: Ground out 4-3 (Groundball, 4, EV 88.1 MPH) Jeremy Harden to third
|
|
Batting: LHB Greg Reedy
|
0-0: Ball 1-0: Foul Ball, location: 2F 1-1: Called Strike 1-2: Foul Ball, location: 2F 1-2: Foul Ball, location: 2F 1-2: Foul Ball, location: 2F 1-2: Ball 2-2: Ball 3-2: Base on Balls
|
|
Batting: RHB Tony Beaumond
|
0-0: Ball 1-0: Foul Ball, location: 2F 1-1: Called Strike 1-2: Ball 2-2: Foul Ball, location: 2F 2-2: Fielders Choice at 2nd, 6-4 (Groundball, 6, EV 103.1 MPH)
|
| Top of the 1st over - 1 run, 1 hit, 1 error, 2 left on base; Helena 1 - Danville 0 |
| BOTTOM OF THE 1ST |
|
Danville Braves batting - Pitching for Helena Brewers : RHP Junzo Yanagisawa
|
|
Pitching: RHP Junzo Yanagisawa
|
|
|
Batting: RHB Richard Saquic
|
0-0: Called Strike 0-1: Ball 1-1: Foul Ball, location: 2F 1-2: Strikes out swinging
|
|
Batting: LHB Mitsujiro Tanaka
|
0-0: Ball 1-0: Ball 2-0: Ball 3-0: Base on Balls
|
|
Batting: LHB Ivan Castillo
|
0-0: Ball 1-0: Foul Ball, location: 2F 1-1: Called Strike 1-2: Strikes out swinging
|
|
Batting: RHB Carlos Livas
|
0-0: Foul Ball, location: 2F 0-1: Called Strike 0-2: Ball 1-2: Fly out, F3 (Popup, 3F, EV 71.9 MPH)
|
| Bottom of the 1st over - 0 runs, 0 hits, 0 errors, 1 left on base; Helena 1 - Danville 0 |
| TOP OF THE 2ND |
|
Helena Brewers batting - Pitching for Danville Braves : RHP Jose Clemente
|
|
Batting: LHB Danny Bautista
|
0-0: Ball 1-0: Called Strike 1-1: Called Strike 1-2: Strikes out swinging
|
|
Batting: RHB Mohammed bin Ubaida
|
0-0: Ground out 6-3 (Groundball, 6, EV 101.9 MPH)
|
|
Batting: RHB Lorenzo Diaz
|
0-0: Ball 1-0: Swinging Strike 1-1: Foul Ball, location: 2F 1-2: Strikes out swinging, 2-3 out at first.
|
| Top of the 2nd over - 0 runs, 0 hits, 0 errors, 0 left on base; Helena 1 - Danville 0 |
| BOTTOM OF THE 2ND |
|
Danville Braves batting - Pitching for Helena Brewers : RHP Junzo Yanagisawa
|
|
Batting: RHB Rodolfo Cosme
|
0-0: Ball 1-0: Fly out, F7 (Flyball, 7LM, EV 78.1 MPH)
|
|
Batting: RHB Vicente Guillen
|
0-0: Called Strike 0-1: Ground out 5-3 (Groundball, 56S, EV 85.0 MPH)
|
|
Batting: LHB Diego Garcia
|
0-0: Ball 1-0: Fly out, F9 (Line Drive, 89M, EV 85.0 MPH)
|
| Bottom of the 2nd over - 0 runs, 0 hits, 0 errors, 0 left on base; Helena 1 - Danville 0 |
| TOP OF THE 3RD |
|
Helena Brewers batting - Pitching for Danville Braves : RHP Jose Clemente
|
|
Batting: LHB John Fortin
|
0-0: Ball 1-0: Fly out, F4 (Line Drive, 34, EV 72.5 MPH)
|
|
Batting: LHB Alex Chairez
|
0-0: Fly out, F9 (Flyball, 9, EV 91.2 MPH)
|
|
Batting: RHB Jeremy Harden
|
0-0: Ball 1-0: Ball 2-0: Called Strike 2-1: Called Strike 2-2: Ball 3-2: Fly out, F8 (Line Drive, 8LD, EV 86.2 MPH)
|
| Top of the 3rd over - 0 runs, 0 hits, 0 errors, 0 left on base; Helena 1 - Danville 0 |
| BOTTOM OF THE 3RD |
|
Danville Braves batting - Pitching for Helena Brewers : RHP Junzo Yanagisawa
|
|
Batting: RHB Danny Dimas
|
0-0: Ball 1-0: Bunt for hit to 15 - play at first, batter safe!
|
|
Batting: RHB Mennad Maalik
|
0-0: Foul Ball, location: 2F 0-1: Ball 1-1: Swinging Strike 1-2: Ball 2-2: Strikes out swinging
|
|
Batting: RHB Richard Saquic
|
0-0: Ball 1-0: Called Strike Danny Dimas is caught stealing 2nd base 2-4 1-1: Ball 2-1: Foul Ball, location: 2F 2-2: Ground out 4-3 (Groundball, 4, EV 100.0 MPH)
|
| Bottom of the 3rd over - 0 runs, 1 hit, 0 errors, 0 left on base; Helena 1 - Danville 0 |
| TOP OF THE 4TH |
|
Helena Brewers batting - Pitching for Danville Braves : RHP Jose Clemente
|
|
Batting: RHB Xiao-shuang Au
|
0-0: Ball 1-0: Ball 2-0: Ball 3-0: Called Strike 3-1: Base on Balls
|
|
Batting: LHB Greg Reedy
|
0-0: Ball 1-0: 2-RUN HOME RUN (Flyball, 9LD, EV 95.0 MPH), Distance : 340 ft
|
|
Batting: RHB Tony Beaumond
|
0-0: Foul Ball, location: 2F 0-1: Ground out 6-3 (Groundball, 6, EV 85.6 MPH)
|
|
Batting: LHB Danny Bautista
|
0-0: Ball 1-0: Ground out 4-3 (Groundball, 4, EV 86.2 MPH)
|
|
Batting: RHB Mohammed bin Ubaida
|
0-0: Called Strike 0-1: Called Strike 0-2: Ball 1-2: Ball 2-2: Foul Ball, location: 2F 2-2: Ball 3-2: Foul Ball, location: 2F 3-2: Fly out, F8 (Flyball, 8LD, EV 80.0 MPH)
|
| Top of the 4th over - 2 runs, 1 hit, 0 errors, 0 left on base; Helena 3 - Danville 0 |
| BOTTOM OF THE 4TH |
|
Danville Braves batting - Pitching for Helena Brewers : RHP Junzo Yanagisawa
|
|
Batting: LHB Mitsujiro Tanaka
|
0-0: Ball 1-0: Called Strike 1-1: Ball 2-1: Ball 3-1: Swinging Strike 3-2: Strikes out swinging
|
|
Batting: LHB Ivan Castillo
|
0-0: Foul Ball, location: 2F 0-1: Ball 1-1: Ball 2-1: Ground out 4-3 (Groundball, 34D, EV 86.2 MPH)
|
|
Batting: RHB Carlos Livas
|
0-0: Ground out 2-3 (Groundball, 15S, EV 74.4 MPH)
|
| Bottom of the 4th over - 0 runs, 0 hits, 0 errors, 0 left on base; Helena 3 - Danville 0 |
| TOP OF THE 5TH |
|
Helena Brewers batting - Pitching for Danville Braves : RHP Jose Clemente
|
|
Batting: RHB Lorenzo Diaz
|
0-0: SOLO HOME RUN (Flyball, 7D, EV 94.4 MPH), Distance : 351 ft
|
|
Batting: LHB John Fortin
|
0-0: Called Strike 0-1: Foul Ball, location: 2F 0-2: Foul Ball, location: 2F 0-2: Ball 1-2: Ball 2-2: Foul Ball, location: 2F 2-2: Ground out 6-3 (Groundball, 6, EV 80.0 MPH)
|
|
Batting: LHB Alex Chairez
|
0-0: Swinging Strike 0-1: Ball 1-1: Foul Ball, location: 2F 1-2: Ball 2-2: Strikes out swinging
|
|
Batting: RHB Jeremy Harden
|
0-0: Called Strike 0-1: Ball 1-1: SOLO HOME RUN (Flyball, 7LD, EV 88.8 MPH), Distance : 325 ft
|
|
Pitching: RHP Andrew Stanek
|
|
|
Batting: RHB Xiao-shuang Au
|
0-0: Called Strike 0-1: Fly out, F7 (Flyball, 78M, EV 89.4 MPH)
|
| Top of the 5th over - 2 runs, 2 hits, 0 errors, 0 left on base; Helena 5 - Danville 0 |
| BOTTOM OF THE 5TH |
|
Danville Braves batting - Pitching for Helena Brewers : RHP Junzo Yanagisawa
|
|
Batting: RHB Rodolfo Cosme
|
0-0: Ball 1-0: Ball 2-0: Fly out, F8 (Flyball, 8RXD, EV 86.9 MPH)
|
|
Batting: RHB Vicente Guillen
|
0-0: Ball 1-0: Swinging Strike 1-1: Fly out, F2 (Popup, 3SF, EV 74.4 MPH)
|
|
Batting: LHB Diego Garcia
|
0-0: Called Strike 0-1: Called Strike 0-2: Strikes out swinging
|
| Bottom of the 5th over - 0 runs, 0 hits, 0 errors, 0 left on base; Helena 5 - Danville 0 |
| TOP OF THE 6TH |
|
Helena Brewers batting - Pitching for Danville Braves : RHP Andrew Stanek
|
|
Batting: LHB Greg Reedy
|
0-0: Ball 1-0: Ground out 6-3 (Groundball, 6, EV 86.9 MPH)
|
|
Batting: RHB Tony Beaumond
|
0-0: SOLO HOME RUN (Flyball, 78XD, EV 94.4 MPH), Distance : 365 ft
|
|
Batting: LHB Danny Bautista
|
0-0: Called Strike 0-1: Foul Ball, location: 2F 0-2: DOUBLE (Groundball, 5L, EV 101.2 MPH)
|
|
Batting: RHB Mohammed bin Ubaida
|
0-0: Called Strike 0-1: Ball 1-1: Ball 2-1: Called Strike 2-2: Foul Ball, location: 2F 2-2: Foul Ball, location: 2F 2-2: Ball 3-2: Base on Balls
|
|
Batting: RHB Lorenzo Diaz
|
0-0: Ball 1-0: Ball 2-0: Called Strike 2-1: Called Strike 2-2: Strikes out looking
|
|
Batting: LHB John Fortin
|
0-0: Called Strike 0-1: Ball 1-1: Swinging Strike 1-2: Ball 2-2: Ball 3-2: Foul Ball, location: 2F 3-2: Foul Ball, location: 2F 3-2: Foul Ball, location: 2F 3-2: Ground out 5-3 (Groundball, 56, EV 86.2 MPH)
|
| Top of the 6th over - 1 run, 2 hits, 0 errors, 2 left on base; Helena 6 - Danville 0 |
| BOTTOM OF THE 6TH |
|
Danville Braves batting - Pitching for Helena Brewers : RHP Junzo Yanagisawa
|
|
Batting: RHB Danny Dimas
|
0-0: Called Strike 0-1: Ball 1-1: Swinging Strike 1-2: Strikes out swinging
|
|
Batting: RHB Mennad Maalik
|
0-0: Ball 1-0: Fly out, F8 (Flyball, 8RD, EV 100.0 MPH)
|
|
Batting: RHB Richard Saquic
|
0-0: Ball 1-0: Ball 2-0: Foul Ball, location: 2F 2-1: Ball 3-1: Foul Ball, location: 2F 3-2: Strikes out swinging
|
| Bottom of the 6th over - 0 runs, 0 hits, 0 errors, 0 left on base; Helena 6 - Danville 0 |
| TOP OF THE 7TH |
|
Helena Brewers batting - Pitching for Danville Braves : RHP Andrew Stanek
|
|
Batting: LHB Alex Chairez
|
0-0: Called Strike 0-1: Foul Ball, location: 2F 0-2: Foul Ball, location: 2F 0-2: Ball 1-2: Strikes out swinging
|
|
Batting: RHB Jeremy Harden
|
0-0: Called Strike 0-1: Fly out, F7 (Line Drive, 7LM, EV 108.1 MPH)
|
|
Batting: RHB Xiao-shuang Au
|
0-0: Ball 1-0: Swinging Strike 1-1: Foul Ball, location: 2F 1-2: Foul Ball, location: 2F 1-2: Strikes out swinging
|
| Top of the 7th over - 0 runs, 0 hits, 0 errors, 0 left on base; Helena 6 - Danville 0 |
| BOTTOM OF THE 7TH |
|
Danville Braves batting - Pitching for Helena Brewers : RHP Junzo Yanagisawa
|
|
Batting: LHB Mitsujiro Tanaka
|
0-0: Called Strike 0-1: Ball 1-1: Foul Ball, location: 2F 1-2: Ground out 4-3 (Groundball, 4M, EV 103.8 MPH)
|
|
Batting: LHB Ivan Castillo
|
0-0: Ground out 5-3 (Groundball, 5, EV 85.6 MPH)
|
|
Batting: RHB Carlos Livas
|
0-0: Ball 1-0: Ball 2-0: Called Strike 2-1: Called Strike 2-2: Ball 3-2: Foul Ball, location: 2F 3-2: Base on Balls
|
|
Batting: RHB Rodolfo Cosme
|
0-0: Called Strike Carlos Livas is caught stealing 2nd base 2-4
|
| Bottom of the 7th over - 0 runs, 0 hits, 0 errors, 0 left on base; Helena 6 - Danville 0 |
| TOP OF THE 8TH |
|
Helena Brewers batting - Pitching for Danville Braves : RHP Andrew Stanek
|
|
Pitching: RHP Jeremy Mash
|
|
|
Batting: LHB Greg Reedy
|
0-0: Swinging Strike 0-1: Ball 1-1: Ball 2-1: Foul Ball, location: 2F 2-2: Fly out, F6 (Line Drive, 56D, EV 66.9 MPH)
|
|
Batting: RHB Tony Beaumond
|
0-0: Ball 1-0: Swinging Strike 1-1: Foul Ball, location: 2F 1-2: Foul Ball, location: 2F 1-2: Fly out, F8 (Flyball, 8LM, EV 86.2 MPH)
|
|
Batting: LHB Danny Bautista
|
0-0: DOUBLE (Line Drive, 78M, EV 93.8 MPH)
|
|
Batting: RHB Mohammed bin Ubaida
|
0-0: Ball 1-0: Foul Ball, location: 2F 1-1: Ball 2-1: Fly out, F8 (Flyball, 8RD, EV 96.9 MPH)
|
| Top of the 8th over - 0 runs, 1 hit, 0 errors, 1 left on base; Helena 6 - Danville 0 |
| BOTTOM OF THE 8TH |
|
Danville Braves batting - Pitching for Helena Brewers : RHP Junzo Yanagisawa
|
|
Batting: RHB Rodolfo Cosme
|
0-0: Ball 1-0: Ball 2-0: Foul Ball, location: 2F 2-1: Fly out, F8 (Flyball, 8RD, EV 87.5 MPH)
|
|
Batting: RHB Vicente Guillen
|
0-0: Ball 1-0: Foul Ball, location: 2F 1-1: Foul Ball, location: 2F 1-2: SINGLE (Groundball, 56S, EV 71.9 MPH) (infield hit)
|
|
Batting: LHB Diego Garcia
|
0-0: Called Strike 0-1: Ball 1-1: Called Strike 1-2: Strikes out looking
|
|
Batting: RHB Danny Dimas
|
0-0: Swinging Strike 0-1: Swinging Strike 0-2: Strikes out swinging
|
| Bottom of the 8th over - 0 runs, 1 hit, 0 errors, 1 left on base; Helena 6 - Danville 0 |
| TOP OF THE 9TH |
|
Helena Brewers batting - Pitching for Danville Braves : RHP Jeremy Mash
|
|
Batting: RHB Lorenzo Diaz
|
0-0: Called Strike 0-1: Ball 1-1: Swinging Strike 1-2: Foul Ball, location: 2F 1-2: Ball 2-2: Fly out, F9 (Flyball, 89M, EV 85.0 MPH)
|
|
Batting: LHB John Fortin
|
0-0: Called Strike 0-1: Foul Ball, location: 2F 0-2: Ball 1-2: Ball 2-2: SINGLE (Groundball, 6D, EV 95.6 MPH)
|
|
Batting: LHB Alex Chairez
|
0-0: Ball Wild Pitch! John Fortin to second 1-0: Ball 2-0: Called Strike 2-1: Foul Ball, location: 2F 2-2: Ball 3-2: Foul Ball, location: 2F 3-2: Foul Ball, location: 2F 3-2: SINGLE (Line Drive, 7S, EV 105.6 MPH) John Fortin to third Runner from 3rd tries for Home, throw by LF and OUT! 7-2 Alex Chairez to second
|
|
Batting: RHB Jeremy Harden
|
0-0: Ball 1-0: Ball 2-0: Ball 3-0: Base on Balls
|
|
Batting: RHB Xiao-shuang Au
|
0-0: Called Strike 0-1: Ball 1-1: Ball 2-1: Ball 3-1: Called Strike 3-2: Foul Ball, location: 2F 3-2: Foul Ball, location: 2F 3-2: SINGLE (Groundball, 56D, EV 105.0 MPH) Alex Chairez to third Jeremy Harden to second Alex Chairez scores Jeremy Harden to third
|
|
Pitching: RHP Jason Barber
|
|
|
Pinch Hitting: RHB Steve Errico
|
0-0: Ball 1-0: Swinging Strike 1-1: Foul Ball, location: 2F 1-2: Ball 2-2: Strikes out swinging
|
| Top of the 9th over - 1 run, 3 hits, 0 errors, 2 left on base; Helena 7 - Danville 0 |
| BOTTOM OF THE 9TH |
|
Danville Braves batting - Pitching for Helena Brewers : RHP Junzo Yanagisawa
|
|
Now at C: Steve Errico
|
|
|
Batting: RHB Mennad Maalik
|
0-0: Foul Ball, location: 2F 0-1: Called Strike 0-2: Foul Ball, location: 2F 0-2: Strikes out looking
|
|
Batting: RHB Richard Saquic
|
0-0: Called Strike 0-1: Ball 1-1: Called Strike 1-2: Foul Ball, location: 2F 1-2: Foul Ball, location: 2F 1-2: Foul Ball, location: 2F 1-2: Foul Ball, location: 2F 1-2: Foul Ball, location: 2F 1-2: Reached on error, E3 (Groundball, 34, EV 93.1 MPH)
|
|
Batting: LHB Mitsujiro Tanaka
|
0-0: Ball 1-0: Foul Ball, location: 2F 1-1: Foul Ball, location: 2F 1-2: Strikes out swinging
|
|
Batting: LHB Ivan Castillo
|
0-0: Fly out, F7 (Flyball, 7S, EV 86.9 MPH)
|
| Bottom of the 9th over - 0 runs, 0 hits, 1 error, 1 left on base; Helena 7 - Danville 0 |
|